 Dungeon Crawl Stone Soup version 0.21.0-30-g47ce8e4 (webtiles) character file.

343 tidbits the Covert (level 6, -4/51 HPs)
             Began as a Gnoll Assassin on Jan 28, 2018.
             Slain by a centaur warrior zombie (5 damage)
             ... on level 8 of the Dungeon.
             The game lasted 00:04:45 (542 turns).

tidbits the Covert (Gnoll Assassin)                  Turns: 542, Time: 00:04:46

Health: -4/51      AC:  6    Str: 17    XL:     6   Next: 57%
Magic:  9/9        EV: 13    Int: 18    God:
Gold:   117        SH:  0    Dex: 14    Spells: 9/9 levels left

rFire    . . .     SeeInvis .   a - +2 dagger
rCold    . . .     Gourm    .   (no shield)
rNeg     . . .     Faith    .   B - +0 robe
rPois    .         Spirit   .   E - +0 helmet
rElec    .         Reflect  .   C - +1 cloak
rCorr    .         Harm     .   (no gloves)
MR       +....                  F - +0 pair of boots
Stlth    ++++......             (no amulet)
HPRegen  0.17/turn              d - +4 ring of strength
MPRegen  0.11/turn              (no ring)

@: flying
A: distributed training, fangs 1, clever 1, clumsy 1, magic resistance 1,
MP-powered wands, strong nose
a: no special abilities


You were on level 8 of the Dungeon.
You were not hungry.

You visited 1 branch of the dungeon, and saw 8 of its levels.

You collected 117 gold pieces.

Inventory:

Hand Weapons
 a - a +2 dagger (weapon)
 b - a +0 blowgun
 c - a +0 flail of holy wrath
   (You took it off Edmund on level 6 of the Dungeon)
Missiles
 e - 6 poisoned needles
 f - 2 curare-tipped needles
 l - 17 sling bullets
 o - 14 stones (quivered)
Armour
 h - a +0 buckler
 B - a +0 robe (worn)
 C - a +1 cloak (worn)
 E - a +0 helmet (worn)
 F - a +0 pair of boots (worn)
Jewellery
 d - a +4 ring of strength (left hand)
   (You found it on level 6 of the Dungeon)
Scrolls
 j - 3 scrolls of teleportation {unknown}
 n - a scroll of enchant weapon
Comestibles
 g - a ration


   Skills:
 + Level 5.0 Fighting
 + Level 5.0 Short Blades
 + Level 2.0 Long Blades
 + Level 2.0 Axes
 + Level 2.0 Maces & Flails
 + Level 2.0 Polearms
 + Level 2.0 Staves
 + Level 2.0 Slings
 + Level 2.0 Bows
 + Level 2.0 Crossbows
 + Level 5.0 Throwing
 + Level 2.0 Armour
 + Level 3.2 Dodging
 + Level 8.0 Stealth
 + Level 2.0 Shields
 + Level 2.0 Unarmed Combat
 + Level 2.0 Spellcasting
 + Level 1.5 Conjurations
 + Level 1.5 Hexes
 + Level 1.5 Charms
 + Level 1.5 Summonings
 + Level 1.5 Necromancy
 + Level 1.5 Translocations
 + Level 1.5 Transmutations
 + Level 1.5 Fire Magic
 + Level 1.5 Ice Magic
 + Level 1.5 Air Magic
 + Level 1.5 Earth Magic
 + Level 1.5 Poison Magic
 + Level 2.2 Invocations
 + Level 2.0 Evocations


You had 9 spell levels left.
You didn't know any spells.

Dungeon Overview and Level Annotations

Branches:
Dungeon (8/15)
 Temple: D:4-7         Lair: D:8-11

Altars:

Shops:
D:7 [


Innate Abilities, Weirdness & Mutations

Your experience applies equally to all skills.
You have very sharp teeth.
Your uncanny sense of smell can sniff out nearby items.
Your mind is acute. (Int +2)
You are clumsy. (Dex -2)
You are resistant to hostile enchantments. (MR+)
You expend magic power (3 MP) to strengthen your wands.


Message History

You hit the centaur warrior zombie.
The centaur warrior zombie is lightly damaged.
The centaur warrior zombie barely misses you.
You hit the centaur warrior zombie.
The centaur warrior zombie is moderately damaged.
The centaur warrior zombie hits you.
You hit the centaur warrior zombie.
The centaur warrior zombie is moderately damaged.
The centaur warrior zombie completely misses you.
You hit the centaur warrior zombie.
The centaur warrior zombie is moderately damaged.
The centaur warrior zombie completely misses you.
You hit the centaur warrior zombie.
The centaur warrior zombie is moderately damaged.
The centaur warrior zombie hits you!
You hit the centaur warrior zombie.
The centaur warrior zombie is moderately damaged.
The centaur warrior zombie hits you but does no damage.
You hit the centaur warrior zombie. You bite the centaur warrior zombie.
The centaur warrior zombie is moderately damaged.
The centaur warrior zombie closely misses you.
You completely miss the centaur warrior zombie.
The centaur warrior zombie is moderately damaged.
The centaur warrior zombie hits you but does no damage.
You hit the centaur warrior zombie. You bite the centaur warrior zombie.
The centaur warrior zombie is heavily damaged.
The centaur warrior zombie hits you.
You hit the centaur warrior zombie.
The centaur warrior zombie is heavily damaged.
The centaur warrior zombie hits you but does no damage.
You hit the centaur warrior zombie.
The centaur warrior zombie is heavily damaged.
The centaur warrior zombie hits you.
You hit the centaur warrior zombie.
The centaur warrior zombie is heavily damaged.
The centaur warrior zombie hits you.
You hit the centaur warrior zombie.
The centaur warrior zombie is heavily damaged.
The centaur warrior zombie hits you but does no damage.
You hit the centaur warrior zombie.
The centaur warrior zombie is heavily damaged.
The centaur warrior zombie hits you.
* * * LOW HITPOINT WARNING * * *
You barely miss the centaur warrior zombie.
The centaur warrior zombie is heavily damaged.
The centaur warrior zombie hits you!
* * * LOW HITPOINT WARNING * * *
You hit the centaur warrior zombie. You punch the centaur warrior zombie.
The centaur warrior zombie is severely damaged.
The centaur warrior zombie closely misses you.
You hit the centaur warrior zombie. You punch the centaur warrior zombie.
The centaur warrior zombie is severely damaged.
The centaur warrior zombie hits you.
* * * LOW HITPOINT WARNING * * *
You hit the centaur warrior zombie.
The centaur warrior zombie is severely damaged.
The centaur warrior zombie hits you.
* * * LOW HITPOINT WARNING * * *
You hit the centaur warrior zombie.
The centaur warrior zombie is severely damaged.
The centaur warrior zombie misses you.
It was a potion of mutation.
You feel extremely strange.
You feel clever.
You feel clumsy.
You feel your magical essence link to your wands.
You feel resistant to hostile enchantments.
The centaur warrior zombie closely misses you.
It was a potion of flight.
You feel very buoyant.
You fly up into the air.
The centaur warrior zombie hits you but does no damage.
You hit the centaur warrior zombie.
The centaur warrior zombie is severely damaged.
The centaur warrior zombie barely misses you.
The centaur warrior zombie hits you but does no damage.
You hit the centaur warrior zombie.
The centaur warrior zombie is almost destroyed.
You barely miss the centaur warrior zombie.
The centaur warrior zombie is almost destroyed.
The centaur warrior zombie hits you.
* * * LOW HITPOINT WARNING * * *
You hit the centaur warrior zombie.
The centaur warrior zombie is almost destroyed.
The centaur warrior zombie misses you.
You barely miss the centaur warrior zombie.
The centaur warrior zombie is almost destroyed.
The centaur warrior zombie misses you.
You hit the centaur warrior zombie.
The centaur warrior zombie is almost destroyed.
The centaur warrior zombie hits you but does no damage.
You hit the centaur warrior zombie.
The centaur warrior zombie is almost destroyed.
The centaur warrior zombie hits you.
* * * LOW HITPOINT WARNING * * *
You completely miss the centaur warrior zombie.
The centaur warrior zombie is almost destroyed.
The centaur warrior zombie hits you but does no damage.
You hit the centaur warrior zombie.
The centaur warrior zombie is almost destroyed.
The centaur warrior zombie hits you.
You die...

.. . .##
#.###+###..#
..........#
####..#....#
#.......<#
.####...#
##.....#...
#..@.......#
#..Z........#
#.........<..#
#.......#.....
##.....##...#.
#.....# ...#
....... ##
#.......#


You could see a centaur warrior zombie.

Vanquished Creatures
  Edmund (D:6)
  An ogre (D:4)
  A scorpion (D:6)
  A bullfrog zombie (D:6)
  A worker ant (D:4)
  A killer bee zombie (D:5)
  A hound zombie (D:5)
  An adder skeleton (D:2)
  2 leopard geckos
  A hobgoblin (D:2)
  2 jackals (D:1)
  A bat (D:1)
  A frilled lizard (D:1)
  2 kobolds
  3 rats
20 creatures vanquished.

Notes
Turn   | Place    | Note
-------+----------+-------------------------------------------
     0 | D:1      | tidbits the Gnoll Assassin began the quest for the Orb.
     0 | D:1      | Reached XP level 1. HP: 20/20 MP: 1/1
   117 | D:2      | Reached XP level 2. HP: 25/26 MP: 2/2
   203 | D:5      | Entered Level 5 of the Dungeon
   211 | D:5      | Noticed a crimson imp
   231 | D:5      | Noticed a crimson imp
   234 | D:5      | Reached XP level 3. HP: 31/31 MP: 3/3
   300 | D:4      | Reached skill level 1 in Long Blades
   300 | D:4      | Reached skill level 1 in Axes
   300 | D:4      | Reached skill level 1 in Maces & Flails
   300 | D:4      | Reached skill level 1 in Polearms
   300 | D:4      | Reached skill level 1 in Staves
   300 | D:4      | Reached skill level 1 in Slings
   300 | D:4      | Reached skill level 1 in Bows
   300 | D:4      | Reached skill level 1 in Crossbows
   300 | D:4      | Reached skill level 1 in Armour
   300 | D:4      | Reached skill level 1 in Shields
   300 | D:4      | Reached skill level 1 in Unarmed Combat
   300 | D:4      | Reached skill level 1 in Spellcasting
   300 | D:4      | Reached skill level 1 in Invocations
   300 | D:4      | Reached skill level 1 in Evocations
   300 | D:4      | Reached XP level 4. HP: 33/38 MP: 5/5
   308 | D:4      | Noticed an ogre
   320 | D:4      | Killed an ogre
   320 | D:4      | Reached skill level 1 in Conjurations
   320 | D:4      | Reached skill level 1 in Hexes
   320 | D:4      | Reached skill level 1 in Charms
   320 | D:4      | Reached skill level 1 in Summonings
   320 | D:4      | Reached skill level 1 in Necromancy
   320 | D:4      | Reached skill level 1 in Translocations
   320 | D:4      | Reached skill level 1 in Transmutations
   320 | D:4      | Reached skill level 1 in Fire Magic
   320 | D:4      | Reached skill level 1 in Ice Magic
   320 | D:4      | Reached skill level 1 in Air Magic
   320 | D:4      | Reached skill level 1 in Earth Magic
   320 | D:4      | Reached skill level 1 in Poison Magic
   320 | D:4      | Reached XP level 5. HP: 27/43 MP: 5/7
   386 | D:6      | Noticed Edmund
   388 | D:6      | Killed Edmund
   388 | D:6      | Reached skill level 3 in Dodging
   388 | D:6      | Reached skill level 8 in Stealth
   388 | D:6      | Reached skill level 2 in Invocations
   388 | D:6      | Reached XP level 6. HP: 36/50 MP: 8/8
   396 | D:6      | Reached skill level 5 in Fighting
   396 | D:6      | Reached skill level 5 in Short Blades
   396 | D:6      | Reached skill level 5 in Throwing
   434 | D:6      | Reached skill level 2 in Long Blades
   434 | D:6      | Reached skill level 2 in Axes
   434 | D:6      | Reached skill level 2 in Maces & Flails
   434 | D:6      | Reached skill level 2 in Polearms
   434 | D:6      | Reached skill level 2 in Staves
   434 | D:6      | Reached skill level 2 in Slings
   434 | D:6      | Reached skill level 2 in Bows
   434 | D:6      | Reached skill level 2 in Crossbows
   434 | D:6      | Reached skill level 2 in Armour
   434 | D:6      | Reached skill level 2 in Shields
   434 | D:6      | Reached skill level 2 in Unarmed Combat
   434 | D:6      | Reached skill level 2 in Spellcasting
   434 | D:6      | Reached skill level 2 in Evocations
   474 | D:7      | Found Reatzuavi's Antique Armour Shop.
   532 | D:8      | Gained mutation: Your mind is acute. (Int +2) [potion of mutation]
   532 | D:8      | Gained mutation: You are clumsy. (Dex -2) [potion of mutation]
   532 | D:8      | Gained mutation: You expend magic power (3 MP) to strengthen your wands. [potion of mutation]
   532 | D:8      | Gained mutation: You are resistant to hostile enchantments. (MR+) [potion of mutation]
   536 | D:8      | HP: 1/51 [centaur warrior zombie (6)]
   542 | D:8      | Slain by a centaur warrior zombie

Skill      XL: |  1  2  3  4  5  6 |
---------------+-------------------+-----
Long Blades    | 1 2 |  2.0
Axes           | 1 2 |  2.0
Maces & Flails | 1 2 |  2.0
Polearms       | 1 2 |  2.0
Staves         | 1 2 |  2.0
Slings         | 1 2 |  2.0
Bows           | 1 2 |  2.0
Crossbows      | 1 2 |  2.0
Armour         | 1 2 |  2.0
Shields        | 1 2 |  2.0
Unarmed Combat | 1 2 |  2.0
Spellcasting   | 1 2 |  2.0
Invocations    | 1 2 |  2.2
Evocations     | 1 2 |  2.0
Conjurations   | 1 |  1.5
Hexes          | 1 |  1.5
Charms         | 1 |  1.5
Summonings     | 1 |  1.5
Necromancy     | 1 |  1.5
Translocations | 1 |  1.5
Transmutations | 1 |  1.5
Fire Magic     | 1 |  1.5
Ice Magic      | 1 |  1.5
Air Magic      | 1 |  1.5
Earth Magic    | 1 |  1.5
Poison Magic   | 1 |  1.5
Dodging        | 3 |  3.2
Stealth        | 8 |  8.0
Fighting       | 5 |  5.0
Short Blades   | 5 |  5.0
Throwing       | 5 |  5.0

Action                   |  1- 3 |  4- 6 || total
-------------------------+-------+-------++-------
Melee: Dagger            |    32 |    54 ||    86
       Bite              |     6 |     9 ||    15
       Punch             |       |     3 ||     3
 Fire: Blowgun           |    14 |    12 ||    26
  Use: Scroll            |       |     3 ||     3
       Potion            |       |     2 ||     2
 Stab: Sleeping          |     5 |     2 ||     7
Armor: Robe              |     8 |    12 ||    20
Dodge: Dodged            |    27 |    25 ||    52

Table legend:
 A = Turns spent in this place as a percentage of turns spent in the entire game.
 B = Non-inter-level travel turns spent in this place as a percentage of non-inter-level travel turns spent in the entire game.
 C = Inter-level travel turns spent in this place as a percentage of turns spent in this place.
 D = Turns resting spent in this place as a percentage of non-inter-level travel turns spent in this place.
 E = Turns spent auto-exploring this place as a percentage of non-inter-level travel turns spent in this place.
 F = Non-inter-level travel turns spent in this place divided by the number of levels of this place that you've seen.
                   A       B       C       D       E      F
               +-------+-------+-------+-------+-------+----------------------
         Total | 100.0 | 100.0 |   0.0 |   0.0 |   0.0 |  67.8
       Dungeon | 100.0 | 100.0 |   0.0 |   0.0 |   0.0 |  67.8
               +-------+-------+-------+-------+-------+----------------------

Table legend:
 A = Kills in this place as a percentage of kills in entire the game.
 B = Kills by you in this place as a percentage of kills by you in the entire game.
 C = Kills by friends in this place as a percentage of kills by friends in the entire game.
 D = Other kills in this place as a percentage of other kills in the entire game.
 E = Experience gained in this place as a percentage of experience gained in the entire game.
 F = Experience gained in this place divided by the number of levels of this place that you have seen.
                   A       B       C       D       E      F
               +-------+-------+-------+-------+-------+----------------------
         Total | 100.0 | 100.0 |   N/A |   N/A | 100.0 |  61.2
       Dungeon | 100.0 | 100.0 |   N/A |   N/A | 100.0 |  61.2
               +-------+-------+-------+-------+-------+----------------------

Vault maps used:
D:1:      onia_arrival_mini_spirals, minivault_14, kennysheep_nondescript
D:2:      nicolae_overflow_crystal_walls, makhleb_grotto_becter, first_ration,
          minmay_misc_feat_five, xom_teletrap_fun
D:3:      kennysheep_ying_yang
D:4:      marbit_many_paths
D:5:      gammafunk_temple_overflow_forgotten, minmay_temple_entry_nine_rooms
D:6:      kennysheep_generic_room_6, uniq_edmund
D:7:      serial_shops, shop_fountains
D:8:      lemuel_doored_altar, kennysheep_little_box,
          lemuel_coloured_pillars_altar, hangedman_pestilent_swarm,
          elyvilon_altar_1, uniq_pikel
